 Dungeon Crawl Stone Soup version 0.29-a0-451-gfbfa42419e (webtiles) character file.

Game seed: 4580044556561136223

30906 jlumianski the Cleaver (level 13, -15/101 HPs)
             Began as a Demonspawn Fighter on May 18, 2022.
             Was an Elder of Qazlal.
             Demolished by an orc knight
             ... wielding a +0 bardiche
              (24 damage)
             ... on level 14 of the Dungeon on May 19, 2022.
             The game lasted 01:16:38 (18183 turns).

jlumianski the Cleaver (Demonspawn Fighter)        Turns: 18183, Time: 01:16:40

Health: -15/101    AC: 16    Str: 21    XL:     13   Next: 23%
Magic:  29/29      EV: 13    Int:  9    God:    Qazlal [****..]
Gold:   559        SH:  5    Dex: 14    Spells: 12/12 levels left

rFire   + + .      SeeInvis .   a - +5 war axe (elec)
rCold   . . .      Faith    .   (no shield)
rNeg    . . .      Spirit   .   v - +2 ring mail {rF+}
rPois   .          Reflect  .   B - +1 helmet
rElec   .          Harm     .   Q - +0 cloak
rCorr   .          Rampage  .   (no gloves)
Will    .....                   i - +1 pair of boots
Stlth   +.........              g - amulet of regeneration
HPRegen 1.06/turn               y - ring of magical power
MPRegen 0.21/turn               D - ring of protection from fire

@: studying Conjurations, repel missiles
A: claws 2, rugged brown scales 1, demonic guardian 3, powered by death 2
a: Renounce Religion, Upheaval, Elemental Force


You were on level 14 of the Dungeon.
You worshipped Qazlal.
Qazlal was greatly pleased with you.
You visited 2 branches of the dungeon, and saw 16 of its levels.

You collected 1040 gold pieces.
You spent 481 gold pieces at shops.

Inventory:

Hand Weapons
 a - a +5 war axe of electrocution (weapon)
 s - a +2 whip of electrocution
 x - a +2 trident of venom
 C - the +3 hand crossbow "Intoreic" {speed, Dex+4}
   (You found it on level 11 of the Dungeon)

   Attacks with this weapon are significantly faster.
   Dex:       It affects your dexterity (+4).
 E - the +3 Elemental Staff {rElec rF++ rC++ AC+5}
   (You found it on level 11 of the Dungeon)

   If the wielder is skilled in Evocations, they can discharge powerful blasts
   of elemental energy when striking with it.
   It enhances your fire, ice, earth and air magic.
   AC:        It affects your AC (+5).
   rF:        It greatly protects you from fire.
   rC:        It greatly protects you from cold.
   rElec:     It insulates you from electricity.
 X - a +0 broad axe
Missiles
 e - 20 poisoned darts (quivered)
 f - a boomerang of dispersal
 k - 4 throwing nets
 G - 8 curare-tipped darts
Armour
 c - a +0 buckler
 i - a +1 pair of boots (worn)
 u - a +0 pair of gloves
 v - a +2 ring mail of fire resistance (worn)
 B - a +1 helmet (worn)
 Q - a +0 cloak (worn)
 W - +0 acid dragon scales
 Y - a +8 plate armour of ponderousness
Jewellery
 d - an amulet of the acrobat
 g - an amulet of regeneration (around neck)
 j - an amulet of faith
 y - a ring of magical power (left claw)
 D - a ring of protection from fire (right claw)
 J - an amulet of guardian spirit
Wands
 b - a wand of acid (4)
 p - a wand of digging (7)
 r - a wand of polymorph (9)
 A - a wand of mindburst (14)
 I - a wand of iceblast (11)
 N - a wand of flame (22)
Scrolls
 l - a scroll of summoning
 m - 6 scrolls of teleportation
 w - 2 scrolls of amnesia
 F - 4 scrolls of immolation
 H - 2 scrolls of silence
 K - a scroll of fear
 L - a scroll of fog
 P - 3 scrolls of identify
 R - a scroll of poison
 S - 3 scrolls of magic mapping
Potions
 h - a potion of attraction
 n - 2 potions of might
 o - 7 potions of curing
 q - 2 potions of mutation
 t - 3 potions of haste
 z - 3 potions of cancellation
 O - 2 potions of brilliance
 T - a potion of flight
 U - 3 potions of berserk rage
Miscellaneous
 M - a condenser vane


   Skills:
 + Level 8.4 Fighting
 + Level 11.9 Axes
 + Level 1.6 Staves
 + Level 0.8 Crossbows
 + Level 0.8 Throwing
 + Level 8.6 Armour
 + Level 6.2 Dodging
 - Level 2.4 Stealth
 + Level 6.9 Shields
 * Level 9.8 Invocations
 * Level 7.6 Evocations


You had 12 spell levels left.
You didn't know any spells.
Your spell library contained the following spells:

 Spells                   Type           Power      Damage    Failure   Level
 Freeze                   Ice            0%         1d3       52%         1
 Static Discharge         Conj/Air       0%         N/A       67%         2
 Sublimation of Blood     Necr           0%         N/A       67%         2
 Frozen Ramparts          Ice            0%         1d2       88%         3
 Ignite Poison            Fire/Tmut/Pois 0%         N/A       88%         3
 Cause Fear               Hex            0%         N/A       99%         4
 Hailstorm                Conj/Ice       0%         3d3       99%         4
 Petrify                  Tmut/Erth      0%         N/A       99%         4
 Alistair's Intoxication  Tmut/Pois      0%         N/A       100%        5
 Blade Hands              Tmut           0%         N/A       100%        5
 Irradiate                Conj/Tmut      0%         3d13      100%        5
 Lightning Bolt           Conj/Air       0%         1d11      100%        5
 Summon Forest            Summ/Tloc      0%         N/A       100%        5
 Summon Mana Viper        Hex/Summ       0%         N/A       100%        5
 Summon Cactus Giant      Summ           0%         N/A       100%        6
 Dragon Form              Tmut           0%         N/A       100%        7
 Maxwell's Capacitive Co  Air            0%         ∞         100%        8
 Dragon's Call            Summ           0%         N/A       100%        9


Dungeon Overview and Level Annotations

Branches:
Dungeon (15/15)            Temple (1/1) D:7            Lair (0/6) D:8
    Orc (0/2) D:9          Vaults (0/5) D:14
 Depths: D:15

Altars:
Ashenzari
Cheibriados
Dithmenos
Makhleb
Nemelex Xobeh
Qazlal
Sif Muna
Trog
Vehumet
Yredelemnul

Shops:
D:9 :   D:13 !   D:14 *

Annotations:
D:3 Eustachio
D:7 3 runed translucent doors, happo123's ghost, novice TrTm


Innate Abilities, Weirdness & Mutations

You have very sharp fingernails.
You are partially covered in rugged brown scales. (AC +1, +3% HP)
A powerful demonic guardian rushes to your aid.
You regenerate health from kills.


Message History

The vault guard hits you with a +0 great sword!
The orc knight hits you from afar with a +0 bardiche.
You hit the vault guard but do no damage.
The vault guard is moderately wounded.
You block the vault guard's attack. You block the orc knight's attack.
You hit the vault guard but do no damage.
The vault guard is moderately wounded.
The vault guard closely misses you.
The orc knight hits you from afar with a +0 bardiche.
You slice the vault guard!!
The vault guard is severely wounded.
The vault guard hits you with a +0 great sword!
The orc knight hits you from afar with a +0 bardiche!
You barely miss the vault guard.
The vault guard is severely wounded.
You slash the vault guard!
The vault guard is severely wounded.
The vault guard barely misses you.
The orc knight hits you but does no damage.
You hit the vault guard but do no damage.
Lightning courses through the vault guard!
The vault guard is almost dead.
The vault guard hits you with a +0 great sword!
* * * LOW HITPOINT WARNING * * *
The orc knight hits you from afar with a +0 bardiche!
* * * LOW HITPOINT WARNING * * *
A demonic guardian appears!
You feel much better. The vault guard barely misses you.
The orc knight hits you from afar with a +0 bardiche!
* * * LOW HITPOINT WARNING * * *
Your balrug gestures at the vault guard.
You hear a sizzling sound!
You slash the vault guard!
Lightning courses through the vault guard!
You kill the vault guard!
Qazlal accepts your kill.
The orc knight hits you from afar with a +0 bardiche!!
* * * LOW HITPOINT WARNING * * *
The orc knight hits you from afar with a +0 bardiche!!
You die...

...###....#
...####.≈≈#########
...(...≈≈≈#...#..?#
#####.≈≈≈≈..).'...# .##
#.≈≈≈≈....#...# ..#
#.≈≈≈≈#####...# #.#
#.≈≈≈≈# #...#
#.###..≈≈≈#####...#####
#.........'...°.@2#⌠.⌠#
##.#......'...#..§o.∩.#
#.##.....'...☼...#⌠.⌠#
#.##..≈≈≈#####...#####
#.##.≈≈≈≈# #...#
#.##.≈≈≈≈#####...#
##..#.≈≈≈≈..).#...#
###.#.≈≈≈≈..).'...#
.##.##.≈≈≈#...#...#


You could see an orc knight (ally target) and a friendly balrug (summoned).

Vanquished Creatures
  Josephine (D:12)
  A vault guard (D:14)
  A two-headed ogre (D:13)
  A tengu warrior (D:13)
  The ghost of SuisLittleHoshiymin the Martial Artist, a novice OpTm of Wu Jian (D:9)
  A wizard (D:12)
  Pikel (D:3)
  2 orc knights (D:14)
  A deep elf pyromancer (D:12)
  A manticore (D:11)
  4 cyclopes
  Joseph (D:10)
  2 gargoyles
  5 unseen horrors
  2 tengu conjurers
  5 trolls
  A meliai (shapeshifter) (D:14)
  2 hornets
  2 polar bears (D:13)
  Grinder (D:5)
  15 slime creatures
  A shadow (D:13)
  5 wraiths
  Sigmund (D:1)
  14 yaks
  2 steam dragons
  7 small abominations (D:12)
  9 vampire mosquitoes
  An acid dragon (D:10)
  A redback simulacrum (D:14)
  3 water moccasins
  4 large abominations (D:12)
  4 ice beasts
  A sky beast (D:6)
  5 orc warriors
  4 black bears
  2 centaurs
  2 ogres
  A phantom (D:5)
  8 bullfrogs
  Blork the orc (D:4)
  2 kobold brigands
  3 gnoll sergeants
  A necrophage (D:7)
  2 scorpions
  10 wights
  8 killer bees
  2 howler monkeys (D:11)
  6 hounds
  A jelly (D:7)
  5 orc priests
  A gnoll shaman (D:8)
  Ijyb (D:4)
  3 iguanas (D:5)
  5 orc wizards
  19 gnolls
  4 adders
  2 shadow imps
  2 ufetubi
  3 worms (D:5)
  2 dart slugs
  22 orcs
  3 ball pythons (D:1)
  4 bats
  4 endoplasms
  5 giant cockroaches
  4 goblins
  7 hobgoblins
  3 jackals (D:1)
  2 quokkas
  13 kobolds
  6 rats
282 creatures vanquished.

Vanquished Creatures (collateral kills)
  Snorg (D:14)
  Erolcha (D:13)
  A two-headed ogre (D:11)
  An orc knight (D:14)
  2 cyclopes
  A large abomination (D:12)
  A gargoyle (D:14)
  A tengu conjurer (D:14)
  A troll (D:10)
  A hornet (D:8)
  2 yaks
  Menkaure (D:5)
  Edmund (D:4)
  An acid dragon (D:14)
  A water moccasin (D:7)
  A black bear (D:8)
  An ogre (D:5)
  A centaur (D:7)
  2 gnolls
  A white imp (D:8)
  An ufetubus (D:5)
24 creatures vanquished.

Vanquished Creatures (others)
  A bat (D:1)
  2 endoplasms (D:1)
  A hobgoblin (D:1)
  43 fungi
  47 plants
94 creatures vanquished.

Grand Total: 400 creatures vanquished

Notes
Turn   | Place    | Note
-------+----------+-------------------------------------------
     0 | D:1      | jlumianski the Demonspawn Fighter began the quest for the
                  | Orb.
     0 | D:1      | Reached XP level 1. HP: 18/18 MP: 1/1
   244 | D:1      | Reached skill level 2 in Axes
   244 | D:1      | Gained mutation: You regenerate a little health from kills.
                  | [demonic ancestry]
   244 | D:1      | Reached XP level 2. HP: 22/24 MP: 2/2
   708 | D:1      | Gained mutation: You have sharp fingernails. [demonic
                  | ancestry]
   708 | D:1      | Reached XP level 3. HP: 24/29 MP: 3/3
  1009 | D:2      | Noticed Sigmund
  1170 | D:1      | Killed Sigmund
  1171 | D:1      | Reached skill level 3 in Axes
  1171 | D:1      | Gained mutation: A weak demonic guardian rushes to your
                  | aid. [demonic ancestry]
  1171 | D:1      | Reached XP level 4. HP: 19/36 MP: 4/4
  1171 | D:1      | Gained mutation: You are partially covered in rugged brown
                  | scales. (AC +1, +3% HP) [demonic ancestry]
  1171 | D:1      | Reached XP level 5. HP: 19/42 MP: 5/5
  1379 | D:2      | Reached skill level 1 in Dodging
  1457 | D:2      | Found a faded altar of an unknown god.
  2467 | D:3      | Reached XP level 6. HP: 38/49 MP: 6/6
  2669 | D:4      | Reached skill level 4 in Axes
  2923 | D:4      | Noticed Pikel
  2959 | D:4      | Noticed Eustachio
  2968 | D:3      | Killed Pikel
  2969 | D:3      | Reached skill level 5 in Armour
  2969 | D:3      | Reached XP level 7. HP: 18/55 MP: 7/7
  3371 | D:4      | Reached skill level 5 in Axes
  3443 | D:4      | Noticed Edmund
  3448 | D:5      | Entered Level 5 of the Dungeon
  3535 | D:4      | Killed Edmund
  3536 | D:4      | Reached skill level 1 in Stealth
  3926 | D:4      | Noticed Blork the orc
  3942 | D:4      | Killed Blork the orc
  3943 | D:4      | Reached XP level 8. HP: 16/61 MP: 8/8
  4176 | D:4      | Noticed Ijyb
  4189 | D:4      | Killed Ijyb
  4506 | D:5      | Noticed Menkaure
  4541 | D:5      | Killed Menkaure
  5116 | D:5      | Reached skill level 6 in Axes
  5127 | D:5      | Upgraded the game from 0.29-a0-422-gafbd6decc1 to
                  | 0.29-a0-451-gfbfa42419e
  5752 | D:5      | Found a radiant altar of Vehumet.
  5841 | D:5      | Noticed Grinder
  5854 | D:5      | Paralysed by Grinder for 3 turns
  5875 | D:5      | Killed Grinder
  6514 | D:6      | Gained mutation: You have very sharp fingernails. [demonic
                  | ancestry]
  6514 | D:6      | Reached XP level 9. HP: 64/69 MP: 9/9
  7390 | D:7      | Found a staircase to the Ecumenical Temple.
  7399 | Temple   | Entered the Ecumenical Temple
  7486 | Temple   | Became a worshipper of Qazlal Stormbringer
  7543 | D:7      | Reached skill level 7 in Axes
  7587 | D:7      | Reached skill level 5 in Fighting
  8058 | D:7      | Found a runed translucent gate.
  8058 | D:7      | Found a runed translucent gate.
  8058 | D:7      | Found a runed translucent gate.
  8060 | D:7      | Noticed happo123's ghost (novice TrTm)
  8283 | D:7      | Reached skill level 8 in Axes
  8664 | D:9      | Found Eblurog's Book Emporium.
  8743 | D:7      | Reached skill level 1 in Invocations
  9027 | D:7      | Reached skill level 1 in Evocations
  9057 | D:8      | Reached * piety under Qazlal
  9178 | D:7      | Gained mutation: A demonic guardian rushes to your aid.
                  | [demonic ancestry]
  9178 | D:7      | Reached XP level 10. HP: 27/78 MP: 11/11
  9857 | D:8      | Reached skill level 5 in Shields
  9873 | D:8      | Found a staircase to the Lair.
 10285 | D:7      | Reached skill level 9 in Axes
 10832 | D:8      | Noticed a gargoyle
 10840 | D:8      | Paralysed by a hornet for 2 turns
 11069 | D:8      | Killed a gargoyle
 11978 | D:8      | Reached skill level 5 in Invocations
 12039 | D:9      | Gained mutation: You regenerate health from kills. [demonic
                  | ancestry]
 12039 | D:9      | Reached XP level 11. HP: 75/85 MP: 14/14
 12220 | D:9      | Reached ** piety under Qazlal
 12427 | D:9      | Found a runed translucent door.
 12428 | D:9      | Noticed SuisLittleHoshiymin's ghost (novice OpTm)
 12625 | D:9      | Killed SuisLittleHoshiymin's ghost
 12675 | D:9      | Found a staircase to the Orcish Mines.
 12843 | D:10     | Entered Level 10 of the Dungeon
 12933 | D:10     | Paralysed by a hornet for 1 turns
 12941 | D:10     | Paralysed by a hornet for 1 turns
 13181 | D:10     | Reached skill level 10 in Axes
 13515 | D:10     | Noticed Joseph
 13539 | D:10     | Killed Joseph
 14230 | D:10     | Reached skill level 5 in Evocations
 14383 | D:10     | Identified a scroll of acquirement
 14384 | D:10     | Acquired an amulet of the acrobat
 14835 | D:11     | Reached *** piety under Qazlal
 14981 | D:11     | Reached skill level 5 in Dodging
 15006 | D:11     | Found the +3 Elemental Staff {rElec rF++ rC++ AC+5}
 15014 | D:11     | Identified the +3 hand crossbow "Intoreic" {speed, Dex+4}
 15104 | D:11     | Noticed a two-headed ogre
 15122 | D:11     | Killed a two-headed ogre
 15784 | D:12     | Reached XP level 12. HP: 74/93 MP: 17/17
 15895 | D:12     | Reached skill level 1 in Staves
 16126 | D:12     | Noticed Josephine
 16133 | D:12     | Killed Josephine
 16383 | D:12     | Reached **** piety under Qazlal
 16405 | D:12     | Got the Almanac of Nocuous Shape Shifting
 16508 | D:13     | Noticed Erolcha
 16520 | D:13     | Killed Erolcha
 16565 | D:13     | Reached skill level 11 in Axes
 16727 | D:13     | Found a bloodstained altar of Trog.
 17083 | D:13     | Noticed a two-headed ogre
 17093 | D:13     | Killed a two-headed ogre
 17278 | D:13     | Found Desk's Distillery.
 17286 | D:13     | Bought a potion of berserk rage for 65 gold pieces
 17286 | D:13     | Bought a potion of berserk rage for 65 gold pieces
 17382 | D:14     | Noticed a tengu warrior
 17393 | D:13     | Killed a tengu warrior
 17444 | D:14     | Gained mutation: A powerful demonic guardian rushes to your
                  | aid. [demonic ancestry]
 17444 | D:14     | Reached XP level 13. HP: 30/100 MP: 20/20
 17558 | D:14     | Found Omydgh's Assorted Antiques.
 17571 | D:14     | Bought a potion of heal wounds for 135 gold pieces
 17571 | D:14     | Bought a potion of cancellation for 216 gold pieces
 17634 | D:15     | Entered Level 15 of the Dungeon
 17720 | D:14     | Noticed Snorg
 17735 | D:14     | Killed Snorg
 18169 | D:14     | Found a gate to the Vaults.
 18183 | D:14     | Demolished by an orc knight

Illustrated notes

Levels and vault maps discovered:
D:1:      dpeg_arrival_simpleton_a, layout_loops_ring, serial_glass,
          glass_columns_b, glass_columns_a, hangedman_decor_riveting,
          amethyst_killhole, lemuel_flame_loot_1
D:2:      layout_rooms, shapermc_ecumenical_altar_ellora,
          minmay_misc_feat_enclosed, uniq_sigmund
D:3:      layout_loops_cross
D:4:      layout_cave_pools, uniq_edmund, uniq_blork_the_orc, uniq_pikel,
          uniq_eustachio, uniq_ijyb
D:5:      layout_basic, mainiacjoe_overflow_24_doors,
          minmay_fractal_squares_diagonal_5, uniq_menkaure, uniq_grinder
D:6:      layout_cave_pools
D:7:      layout_basic, minmay_temple_entry_hall, ebering_ghost_rock_garden
D:8:      layout_cave_pools, due_lair_maze_entry_diamond,
          chequers_serial_rivers_micro_d, minmay_manual_mess
D:9:      layout_long_grid, orc_0_dummy, serial_shops, nicolae_stop_n_shop_1,
          hellmonk_ghost_happy_afterlife
D:10:     layout_loops_ring, uniq_joseph
D:11:     layout_roguey, minivault_21
D:12:     layout_irregular_city, laboratory, uniq_josephine
D:13:     layout_stronghold, serial_shops, shop, serial_column_ruins,
          column_ruins_hut, column_ruins_hut, column_ruins_columns_dead_end,
          column_ruins_corridor_straight, column_ruins_open_medium,
          column_ruins_grid_1, column_ruins_grid_1, column_ruins_open_large,
          grunt_ogre_cave, minmay_misc_feat_cross, trog_ov_bears_minmay,
          uniq_erolcha
D:14:     layout_rooms, grunt_vaults_entry_fortified, serial_shops,
          nicolae_shop_stone, nrook_campfire, uniq_snorg
D:15:     grunt_enter_depths_snipers, layout_small_grid,
          nicolae_cairo_tiling_large
Temple:   mainiacjoe_temple_hex_bubbles

Skill      XL: |  1  2  3  4  5  6  7  8  9 10 11 12 |
---------------+-------------------------------------+-----
Axes           | 2 3 4 5 6 8 9 10 11 | 11.9
Shields        | 3 4 5 6 |  6.9
Armour         | 3 5 6 7 8 |  8.6
Dodging        | 1 2 3 4 5 6 |  6.2
Fighting       | 4 5 6 7 8 |  8.4
Stealth        | 1 2 |  2.4
Invocations    | 2 5 7 9 |  9.8
Evocations     | 1 3 5 7 |  7.6
Staves         | 1 |  1.6
Crossbows      | |  0.8
Throwing       | |  0.8

Action                   |  1- 3 |  4- 6 |  7- 9 | 10-12 | 13-15 || total
-------------------------+-------+-------+-------+-------+-------++-------
Melee: War axe           |    82 |    73 |   409 |   621 |    49 ||  1234
       Staff             |       |       |       |    73 |       ||    73
       Punch             |       |       |       |     3 |       ||     3
 Fire: Hand crossbow     |       |       |       |    11 |       ||    11
Throw: Dart              |       |       |     5 |     4 |       ||     9
Invok: Elemental Force   |       |       |       |     1 |       ||     1
Evoke: Wand              |       |       |     2 |     2 |       ||     4
  Use: Scroll            |     7 |     3 |    10 |    15 |       ||    35
       Potion            |     1 |       |     2 |     3 |     1 ||     7
 Stab: Distracted        |       |       |     1 |       |     2 ||     3
Armor: Scale mail        |    40 |    36 |    12 |       |       ||    88
       Ring mail         |       |       |   208 |   504 |    11 ||   723
Dodge: Dodged            |    38 |    38 |   286 |   544 |    35 ||   941
       Repelled          |       |       |       |     5 |       ||     5
Block: Buckler           |    17 |    27 |   119 |   244 |       ||   407
       Other             |       |       |       |    78 |    16 ||    94

Table legend: (Time is in decaauts)
 A = Elapsed time spent in this place.
 B = Non-inter-level travel time spent in this place.
 C = Inter-level travel time spent in this place.
 D = Time resting spent in this place.
 E = Time spent auto-exploring this place.
 F = Levels seen in this place.
 G = Mean time per level.
                   A        B        C        D        E       F      G
               +--------+--------+--------+--------+--------+-----+--------+
         Total |  18427 |  18178 |    249 |   4918 |   6445 |  16 | 1151.7 |
       Dungeon |  18313 |  18064 |    249 |   4918 |   6445 |  15 | 1220.9 |
        Temple |    114 |    114 |      0 |      0 |      0 |   1 |  114.0 |
               +--------+--------+--------+--------+--------+-----+--------+

Top non-repeatable levels by time:
     D:7: 2377 daAuts
     D:5: 2201 daAuts
     D:8: 1868 daAuts
     D:4: 1667 daAuts
     D:9: 1545 daAuts
    D:10: 1253 daAuts
     D:1: 1123 daAuts
    D:12: 1027 daAuts
     D:3: 1014 daAuts
    D:13: 919 daAuts
     D:2: 858 daAuts
    D:11: 845 daAuts
     D:6: 839 daAuts
    D:14: 731 daAuts
  Temple: 114 daAuts
